AoeStats
← saschauli

Arabia

510093958Analyzed
1v1 RM · 4d ago on Sep 29, 2026· 48m 54s· 2 players
Game mode
Random Map
Map size
Tiny (2 player)
Population
200
Speed
Normal
Resources
Standard
Victory
Conquest
Starting age
Dark Age
Ending age
Imperial Age
RankedLock teamsTeams togetherTeam positionsShared explorationLock speedFull tech treeHidden civsTurbo modeCheats
Victory
Defeat
🇩🇪 Celts · Germany
902
+15
🇨🇿 Cumans · Czechia
884
-15
Vik
7:32 Loom
10:12 Feudal Age
11:48 Double-Bit Axe
20:26 Castle Age
18:24 Horse Collar
20:30 Wheelbarrow
21:15 Fletching
21:42 Padded Archer Armor
21:50 Gold Mining
25:47 Hand Cart
25:49 Heavy Plow
28:14 Town Watch
28:00 Capped Ram
33:17 Imperial Age
31:31 Crossbowman
32:45 Bow Saw
34:32 Thumb Ring
35:58 Two-Man Saw
35:35 Crop Rotation
36:01 Parthian Tactics
36:33 Onager
36:44 Heavy Cavalry Archer
38:00 Ballistics
37:49 Cavalier
38:39 Bloodlines
40:00 Leather Archer Armor
39:41 Bodkin Arrow
39:52 Scale Barding Armor
39:58 Forging
40:13 Paladin
45:55 Chain Barding Armor
46:40 Iron Casting
saschauli
8:01 Loom
10:49 Feudal Age
18:09 Castle Age
16:10 Horse Collar
16:38 Double-Bit Axe
16:55 Stone Mining
17:30 Gold Mining
17:45 Scale Mail Armor
18:45 Forging
19:05 Heavy Plow
20:44 Pikeman
21:50 Bow Saw
29:56 Gold Shaft Mining
33:31 Imperial Age
31:46 Stone Shaft Mining
31:08 Fletching
31:33 Stronghold
32:09 Bodkin Arrow
33:28 Chain Mail Armor
33:54 Iron Casting
36:48 Plate Mail Armor
38:28 Blast Furnace
37:32 Town Watch
38:41 Conscription
39:27 Elite Woad Raider
Connection lost

Rejoining the realm…

Still unreachable

The connection could not be restored.

Session expired

The server has moved on; the page needs a fresh start.